 Dungeon Crawl Stone Soup version 0.17.0-73-gb648821 (console) character file.

1137 Kloppie the Skirmisher (level 8, -9/73 HPs)
             Began as a Centaur Fighter on Dec 10, 2015.
             Mangled by Phr33k's ghost (18 damage)
             ... on level 6 of the Dungeon.
             The game lasted 00:08:51 (6122 turns).

Kloppie the Skirmisher (Centaur Fighter)            Turns: 6122, Time: 00:08:51

Health: -9/73      AC:  7    Str: 25    XL:     8   Next: 14%
Magic:  8/8        EV:  5    Int:  7    God:
Gold:   211        SH:  9    Dex: 10    Spells: 0 memorised, 7 levels left

rFire  . . .     SeeInvis .     a - +0 flail
rCold  . . .     Clarity  .     b - +0 scale mail
rNeg   . . .     SustAt   +     c - +0 shield
rPois  .         Gourm    .     (no helmet)
rElec  .         Spirit   .     u - +0 cloak
rCorr  .         Warding  .     (no gloves)
rMut   .         Stasis   .     (no barding)
MR     .....                    (no amulet)
Stlth  ..........               (no ring)
                                p - ring of sustain attributes

@: mighty, very quick, not resistant to hostile enchantments, extremely
unstealthy
A: hooves 3, deformed body, speed 2, tough skin 3
a: no special abilities


You were on level 6 of the Dungeon.
You were not hungry.

You visited 1 branch of the dungeon, and saw 6 of its levels.

You collected 211 gold pieces.

Inventory:

Hand Weapons
 a - a +0 flail (weapon)
Armour
 b - a +0 scale mail (worn)
 c - a +0 shield (worn)
 u - a +0 cloak (worn)
Jewellery
 p - a ring of sustain attributes (left hand)
 v - an uncursed ring of fire {unknown}
Scrolls
 f - 2 scrolls of remove curse {unknown}
 g - 2 scrolls of blinking {unknown}
 k - a scroll of enchant weapon {unknown}
 o - 2 scrolls of fear {unknown}
 s - a scroll of amnesia {unknown}
 t - a scroll of enchant armour {unknown}
Potions
 d - a potion of might
 i - a potion of invisibility
 j - 4 potions of curing {unknown}
 l - 2 potions of lignification
 n - a potion of magic
 q - a potion of haste
Books
 r - a book of Beasts

   Spells                             Type                      Level
   a - Summon Butterflies             Summoning                    1
   b - Call Canine Familiar           Summoning                    3
   c - Summon Ice Beast               Ice/Summoning                4
   d - Summon Mana Viper              Hexes/Summoning              5
   e - Summon Hydra                   Summoning                    7
Comestibles
 e - 4 bread rations
 h - 6 chunks of flesh
 m - 5 beef jerkies
 w - a royal jelly
 x - 2 meat rations


   Skills:
 - Level 7.4 Fighting
 + Level 6.5 Maces & Flails
 - Level 2.1 Armour
 + Level 2.1 Shields


You had 7 spell levels left.
You didn't know any spells.

Dungeon Overview and Level Annotations

Branches:
Dungeon (6/15)
 Temple: D:4-7

Altars:
Ru
Yredelemnul

Annotations:
D:3 Grinder
D:6 Phr33k's ghost, novice TrBe


Innate Abilities, Weirdness & Mutations

You have hooves in place of feet.
Armour fits poorly on your strangely shaped body.
You cover ground very quickly.
You have extremely tough skin (AC +3).


Message History

Phr33k's ghost barely misses you.
You sock Phr33k's ghost! You kick Phr33k's ghost.
Phr33k's ghost is heavily damaged.
Phr33k's ghost hits you!
* * * LOW HITPOINT WARNING * * *
You thump Phr33k's ghost! Your kick misses Phr33k's ghost.
Phr33k's ghost is severely damaged.
You block Phr33k's ghost's attack.
You hit Phr33k's ghost.
Phr33k's ghost is severely damaged.
You block Phr33k's ghost's attack.
You thump Phr33k's ghost! You kick Phr33k's ghost.
Phr33k's ghost is almost destroyed.
Phr33k's ghost hits you!
* * * LOW HITPOINT WARNING * * *
You block Phr33k's ghost's attack.
You hit Phr33k's ghost.
Phr33k's ghost is almost destroyed.
Phr33k's ghost hits you!!
You die...

############
...........# #....#
(!.........# #....#
.....≈.....# #....#
.≈.≈≈≈≈≈W@.######....###
≈≈#≈#≈####......#......#
≈≈ ###....#......+ ##
#....#......#
#....'......#
######'#......#
#.......)........
#................
#................


You could see Phr33k's ghost.

Vanquished Creatures
  An ogre (D:4)
  A giant frog (D:4)
  A wyvern zombie (D:6)
  A water moccasin skeleton (D:5)
  A scorpion (D:4)
  A jelly (D:6)
  7 crimson imps
  An orc priest (D:3)
  A hound (D:5)
  Jessica (D:3)
  6 worker ants
  2 orc wizards
  An iguana (D:5)
  A hound zombie (D:6)
  A hound skeleton (D:4)
  7 adders
  4 gnolls
  A shadow imp (D:5)
  A worker ant zombie (D:5)
  An ooze (D:3)
  3 worms
  2 adder skeletons
  3 giant geckos
  15 orcs
  2 ball pythons
  5 bats
  4 giant cockroaches
  4 goblins
  6 hobgoblins
  6 jackals
  4 quokkas
  2 giant newts
  5 kobolds
  7 rats
109 creatures vanquished.

Notes
Turn   | Place    | Note
--------------------------------------------------------------
     0 | D:1      | Kloppie the Centaur Fighter began the quest for the Orb.
     0 | D:1      | Reached XP level 1. HP: 19/19 MP: 1/1
   153 | D:1      | Reached XP level 2. HP: 12/26 MP: 2/2
   931 | D:2      | Reached XP level 3. HP: 25/31 MP: 3/3
  1958 | D:3      | Reached skill level 4 in Fighting
  1958 | D:3      | Reached XP level 4. HP: 40/40 MP: 4/4
  2456 | D:3      | Noticed Jessica
  2479 | D:3      | Reached XP level 5. HP: 32/47 MP: 5/5
  2489 | D:3      | Killed Jessica
  2666 | D:3      | Noticed Grinder
  2678 | D:3      | Paralysed by Grinder for 7 turns
  3095 | D:4      | Reached skill level 5 in Fighting
  3279 | D:4      | Reached XP level 6. HP: 38/56 MP: 6/6
  3560 | D:4      | Noticed an ogre
  3584 | D:4      | Killed an ogre
  3826 | D:4      | Reached skill level 5 in Maces & Flails
  4173 | D:4      | Found a sacrificial altar of Ru.
  4190 | D:4      | Reached XP level 7. HP: 59/62 MP: 7/7
  4237 | D:4      | Reached skill level 6 in Fighting
  4599 | D:5      | Entered Level 5 of the Dungeon
  5865 | D:6      | Reached skill level 7 in Fighting
  5965 | D:6      | Found a basalt altar of Yredelemnul.
  5972 | D:6      | Reached XP level 8. HP: 42/73 MP: 8/8
  6114 | D:6      | Noticed Phr33k's ghost (novice TrBe)
  6122 | D:6      | Mangled by Phr33k's ghost

Action                   |  1- 3 |  4- 6 |  7- 9 || total
-------------------------+-------+-------+-------++-------
Melee: Flail             |    99 |   148 |   276 ||   523
  Use: Scroll            |       |       |     4 ||     4
       Potion            |       |       |     1 ||     1
  Eat: Chunk             |     1 |     7 |     6 ||    14
